 Dungeon Crawl Stone Soup version 0.31-a0-175-g9f7f995f2b (webtiles) character file.

Game seed: 3882482507062083192

64 Faragor the Conjurer (level 3, -1/19 HPs)
             Began as a Deep Elf Conjurer on June 17, 2023.
             Killed from afar by an orc wizard (7 damage)
             ... with a magic dart
             ... on level 3 of the Dungeon.
             The game lasted 00:03:41 (1755 turns).

Faragor the Conjurer (Deep Elf Conjurer)            Turns: 1755, Time: 00:03:41

Health: -1/19      AC:  5    Str:  4    XL:     3   Next: 91%
Magic:  2/10       EV: 13    Int: 24    God:
Gold:   93         SH:  0    Dex: 13    Spells: 8/9 levels left

rFire   + . .        k - +1 short sword (drain)
rCold   . . .        (no shield)
rNeg    . . .        e - +0 robe {rF+}
rPois   .            g - +1 helmet
rElec   .            l - +0 cloak
rCorr   .            (no gloves)
SInv    .            (no boots)
Will    .....        (no amulet)
Stlth   ++           (no ring)
HPRegen 0.23/turn    (no ring)
MPRegen 0.12/turn

%: no passive effects
@: no status effects
A: no striking features
a: no special abilities


You were on level 3 of the Dungeon.
You visited 1 branch of the dungeon, and saw 3 of its levels.

You collected 93 gold pieces.

Inventory:

Hand Weapons
 k - a +1 short sword of draining (weapon)
Armour
 a - a +0 robe
 e - a +0 robe of fire resistance (worn)
 g - a +1 helmet (worn)
 l - a +0 cloak (worn)
Scrolls
 h - 5 scrolls of identify {unknown}
 i - 4 scrolls of teleportation {unknown}
 j - 6 scrolls of vulnerability {unknown}
 n - a scroll of noise {unknown}
 o - a scroll of revelation {unknown}
Potions
 b - a potion of magic
 c - 2 potions of haste {unknown}
 d - 2 potions of might {unknown}
 f - a potion of curing {unknown}
 m - a potion of lignification {unknown}


   Skills:
 + Level 3.3 Dodging
 + Level 3.4 Stealth
 + Level 3.8 Spellcasting
 + Level 4.9 Conjurations


You had 8 spell levels left.
You knew the following spells:

 Your Spells              Type           Power      Damage    Failure   Level
a - Magic Dart            Conj           100%       1d8       1%          1

Your spell library contained the following spells:

 Spells                   Type           Power      Damage    Failure   Level
 Searing Ray              Conj           56%        2d6       1%          2
 Dazzling Flash           Conj/Hex       32%        N/A       11%         3
 Fulminant Prism          Conj/Hex       8%         3d7       36%         4
 Iskenderun's Mystic Bla  Conj/Tloc      16%        2d5       36%         4


Dungeon Overview and Level Annotations

Branches:
Dungeon (3/15)

Altars:


Message History

Aiming: Magic Dart (safe; 1% risk of failure)
Press: ? - help, Shift-Dir - straight line, f/p - orc wizard
Aim: an orc wizard, wielding a +0 dagger and wearing a +0 robe (100% to hit)
The magic dart hits the orc wizard.
The orc wizard is moderately wounded.
Casting: Magic Dart (safe; 1% risk of failure)
Confirm with . or Enter, or press ? or * to list all spells.
Aiming: Magic Dart (safe; 1% risk of failure)
Press: ? - help, Shift-Dir - straight line, f/p - orc wizard
Aim: an orc wizard, wielding a +0 dagger and wearing a +0 robe (moderately wounded, 100% to hit)
The magic dart hits something.
Something hits you.
You hit the orc wizard but do no damage.
The orc wizard is moderately wounded.
Something hits you. The orc wizard barely misses you.
You hit the orc wizard.
The orc wizard is heavily wounded.
The orc wizard closely misses you. Something hits you.
Casting: Magic Dart (safe; 1% risk of failure)
Confirm with . or Enter, or press ? or * to list all spells.
Aiming: Magic Dart (safe; 1% risk of failure)
Press: ? - help, Shift-Dir - straight line, f/p - orc wizard
Aim: an orc wizard, wielding a +0 dagger and wearing a +0 robe (heavily wounded, 100% to hit)
The magic dart hits the orc wizard.
The orc wizard is almost dead.
Something hits you. The orc wizard misses you.
Unknown command.
Casting: Magic Dart (safe; 1% risk of failure)
Confirm with . or Enter, or press ? or * to list all spells.
Aiming: Magic Dart (safe; 1% risk of failure)
Press: ? - help, Shift-Dir - straight line, f/p - orc wizard
Aim: an orc wizard, wielding a +0 dagger and wearing a +0 robe (almost dead, 100% to hit)
The magic dart hits the orc wizard!
You kill the orc wizard!
Something hits you but does no damage.
You hit something. Something hits you.
You miss something.
You hear some strange, mumbled words.
A magic dart appears from out of thin air!
The magic dart hits you!
You die...

#.##......# #...# .).#
#.##......###...###{..##
........................
#.##....................
#.##....................
..##......###...###...##
..........# #...# .#
..........###..{###...##
.#####.........)@.......
. #..................
.....#................
######..###...###...##
....# #...# ...# #....#
#...# ..# #..... ......
... ............. ...


There were no monsters in sight!

Vanquished Creatures
  An orc wizard (D:3)
  2 dart slugs (D:1)
  2 orcs (D:3)
  An endoplasm (D:1)
  2 giant cockroaches
  5 hobgoblins
  A quokka (D:2)
  A ball python (D:3)
  4 bats
  5 goblins
  3 kobolds
  4 rats
31 creatures vanquished.

Notes
Turn   | Place    | Note
-------+----------+-------------------------------------------
     0 | D:1      | Faragor the Deep Elf Conjurer began the quest for the Orb.
     0 | D:1      | Reached XP level 1. HP: 10/10 MP: 6/6
   360 | D:1      | Reached XP level 2. HP: 11/15 MP: 1/8
   528 | D:1      | Found a faded altar of an unknown god.
  1346 | D:2      | Reached XP level 3. HP: 19/19 MP: 3/9
  1755 | D:3      | Killed from afar by an orc wizard

Illustrated notes

Levels and vault maps discovered:
D:1:      heliophobic_arrival_dark_side_of_the_moon, layout_basic,
          dreamdust_ecumenical_altar_grove
D:2:      layout_rooms
D:3:      layout_basic, ebering_ghost_sewer_f, kennysheep_boxes

Skill      XL: |  1  2 |
---------------+-------+-----
Stealth        | 3 |  3.4
Dodging        | 3 |  3.3
Spellcasting   | |  3.8
Conjurations   | |  4.9

Action                     || total
---------------------------++-------
  Melee: Unarmed           ||     7
         Short sword       ||     4
   Cast: Magic Dart        ||    65
 Armour: Robe              ||     1
  Dodge: Dodged            ||     6

Table legend: (Time is in decaauts)
 A = Elapsed time spent in this place.
 B = Non-inter-level travel time spent in this place.
 C = Inter-level travel time spent in this place.
 D = Time resting spent in this place.
 E = Time spent auto-exploring this place.
 F = Levels seen in this place.
 G = Mean time per level.
                   A        B        C        D        E       F      G
               +--------+--------+--------+--------+--------+-----+--------+
         Total |   1754 |   1547 |    207 |     68 |   1259 |   3 |  584.7 |
       Dungeon |   1754 |   1547 |    207 |     68 |   1259 |   3 |  584.7 |
               +--------+--------+--------+--------+--------+-----+--------+

Top non-repeatable levels by time:
     D:1: 1222 daAuts
     D:2: 469 daAuts
     D:3: 61 daAuts
